[Event "7th Sharjah Masters 2024"]
[Site "Sharjah"]
[Date "2024.05.16"]
[Round "3.9"]
[White "Aditya Mittal"]
[Black "Shankland, Sam"]
[Result "0-1"]
[ECO "E94"]
[WhiteElo "2608"]
[BlackElo "2671"]
[Annotator "TA"]
[PlyCount "98"]
[EventDate "2024.05.13"]
[EventType "swiss"]
[EventCountry "UAE"]
[SourceTitle "playchess.com"]
[Source "ChessBase"]
[SourceQuality "1"]
[TimeControl "5400+30"]

1. d4 Nf6 2. Nf3 g6 3. c4 Bg7 4. Nc3 O-O 5. e4 d6 6. Be2 e5 7. O-O Bg4 8. d5 a5 9. h3 Bxf3 10. Bxf3 Nbd7 11. Rb1 {[%emt 0:00:30] White is slightly better.} h5 12. Bg5 Qe8 13. a3 Nh7 14. Be3 Bf6 15. g3 Bg5 16. Bxg5 Nxg5 17. Bg2 Qe7 18. f4 Nh7 19. f5 Kh8 20. Kh2 Rg8 21. Qd2 (21. Nb5 $14) 21... a4 $11 22. Nb5 Ndf6 {[%emt 0:00:30] [#]} (22... Nc5 $11) 23. c5 dxc5 24. d6 cxd6 25. Qxd6 (25. fxg6 Rxg6 26. Nxd6 Ng4+ 27. hxg4 Rxd6 $19) 25... Rge8 26. Rfd1 Ra6 27. Qd2 Kg7 28. Rbc1 Rc8 29. Rc4 Rcc6 30. Qc3 Nd7 {[%emt 0:00:30] Strongly threatening ...Nb6.} 31. Qd2 Nhf6 (31... Rcb6 $5 32. Nc3 (32. Qxd7 Qxd7 33. Rxd7 Rxb5 $17) (32. fxg6 Nhf6 $15) 32... Rd6 $11) 32. Bf1 Nb6 {[%emt 0:00:30] Excellent horsemanship.} 33. Rc2 {[%emt 0:00:30] White is now going downhill.} Nxe4 34. Qe2 Nf6 35. Bg2 {[%emt 0:00:30] [#]} (35. Qf2 $17) 35... e4 $1 $19 36. Nc3 (36. fxg6 $142 fxg6 37. Rg1) 36... gxf5 37. Rf1 Qe5 38. Qe3 Kg6 {[%emt 0:00:30] Repels Qg5+} 39. Rcf2 {[%emt 0:00:30] Hoping for Rxf5.} Nbd5 40. Qc1 Ne7 ({Resist} 40... Nxc3 41. bxc3 (41. Rxf5 $2 Qxg3+ 42. Kxg3 Ne2+ 43. Kh4 Nxc1 $19) 41... h4 42. Rxf5 Qxg3+ 43. Kh1 $19) 41. Ne2 Rab6 42. Nf4+ Kh7 43. Qc4 Kg7 (43... Rxb2 $2 {perishes.} 44. Qxf7+ Kh8 45. Rxb2 (45. Nxh5 Nfg8 $11) 45... Qxb2 46. Qxe7 $18) 44. Qxa4 h4 45. gxh4 Ng6 46. Kg1 Rxb2 47. Nh5+ Nxh5 48. Rxf5 {[%emt 0:00:30] [#]} Rxg2+ $1 49. Kxg2 Nxh4+ {[%emt 0:00:30] Weighted Error Value: White=0.59/Black=0.14 (very precise) .  Mistake:       	White=4     	Black=1      Inaccurate:     	White=4     	Black=2      OK:         	White=10    	Black=20     Best:        	---       	Black=2      Strong:       	---       	Black=1} 0-1

[Event "7th Sharjah Masters 2024"]
[Site "Sharjah"]
[Date "2024.05.16"]
[Round "3.10"]
[White "Sankalp Gupta"]
[Black "Yakubboev, Nodirbek"]
[Result "1-0"]
[ECO "A17"]
[WhiteElo "2532"]
[BlackElo "2665"]
[Annotator "RC"]
[PlyCount "165"]
[EventDate "2024.05.13"]
[EventType "swiss"]
[EventCountry "UAE"]
[SourceTitle "playchess.com"]
[Source "ChessBase"]
[SourceQuality "1"]
[TimeControl "5400+30"]

1. Nf3 d5 2. e3 Nf6 3. c4 e6 4. Nc3 Bd6 5. b3 O-O 6. Bb2 Nc6 7. d4 dxc4 8. bxc4 e5 9. d5 Na5 10. Be2 b6 11. O-O Re8 12. Nd2 Nd7 13. Qc2 Nc5 14. e4 a6 15. Nd1 Bd7 16. Rc1 c6 17. Ne3 Rc8 18. Qb1 Na4 19. Ba1 Bc5 20. Nb3 Bxe3 21. fxe3 Nb7 22. Rcd1 c5 23. Nd2 Nd6 24. Nf3 f6 25. Nh4 g6 26. Nf3 b5 27. Nd2 Qe7 28. Rf2 Nb6 29. Rdf1 Rf8 30. Qc2 b4 31. Nb3 Nb7 32. Bd3 a5 33. Bb2 a4 34. Nd2 a3 35. Ba1 Ba4 36. Nb3 Nd6 37. h3 Rf7 38. Qc1 Bxb3 39. axb3 Nd7 40. Qb1 h5 41. Bc2 Rh7 42. Bd3 Rf8 43. Bc2 Rff7 44. Bd3 Kf8 45. Bc2 Ke8 46. Bd3 Kd8 47. Bc2 Kc7 48. Bd3 Qf8 49. Bc2 Qh6 50. Qe1 Qg5 51. Rf3 h4 52. Kh2 Rf8 53. Rg1 Qh6 54. Rgf1 Rhf7 55. R3f2 Qg5 56. Rf3 f5 57. exf5 Nxf5 58. Bxf5 Rxf5 59. d6+ Kxd6 60. Qd2+ Kc7 61. Rd1 Qe7 62. Rxf5 gxf5 63. Qd5 Re8 64. Qf3 Qe6 65. Qh5 Nf6 66. Qxh4 Rd8 67. Rf1 Ne4 68. Qh7+ Kb6 69. Rxf5 Rd7 70. Qh5 Nc3 71. Rg5 Qc6 72. Qe8 Qc7 73. h4 e4+ 74. Kh3 Rd8 75. Qe6+ Ka7 76. Rf5 Rd6 77. Qe5 a2 78. Rf2 Kb6 79. Bxc3 bxc3 80. Rxa2 Rd2 81. Ra6+ Kxa6 82. Qxc7 c2 83. Qc6+ 1-0

[Event "7th Sharjah Masters 2024"]
[Site "Sharjah"]
[Date "2024.05.16"]
[Round "3.11"]
[White "Daneshvar, Bardiya"]
[Black "Ter-Sahakyan, Samvel"]
[Result "1/2-1/2"]
[ECO "D38"]
[WhiteElo "2582"]
[BlackElo "2652"]
[Annotator "TA"]
[PlyCount "46"]
[EventDate "2024.05.13"]
[EventType "swiss"]
[EventCountry "UAE"]
[SourceTitle "playchess.com"]
[Source "ChessBase"]
[SourceQuality "1"]
[TimeControl "5400+30"]

1. c4 e6 2. Nc3 d5 3. d4 Nf6 4. cxd5 exd5 5. Bg5 Bb4 6. Nf3 h6 7. Bh4 Bf5 8. Qa4+ Nc6 9. e3 g5 {[%emt 0:07:38] White has an edge.} 10. Bg3 O-O 11. Bb5 Bxc3+ 12. bxc3 Ne7 13. Qa3 (13. Nd2 $142) 13... Ne4 $11 14. Nd2 Nxd2 15. Kxd2 Bg6 16. h3 Nf5 17. Be5 Nd6 18. Bxd6 {[%emt 0:00:00] The position is equal.} cxd6 19. Qb3 Qf6 $132 {[%emt 0:05:13][%mdl 2048] Black puts up resistance} 20. f3 Qe6 21. c4 dxc4 22. Bxc4 Qe7 23. Bd5 Rac8 {[%emt 0:03:27] Dodges Rhc1.   Weighted Error Value: White=0.05 (flawless) /Black=0.05 (flawless) .  Mistake:       	White=1     	---        Inaccurate:     	---       	Black=1      OK:         	White=8     	Black=11     Best:        	White=1     	Black=1} 1/2-1/2

[Event "7th Sharjah Masters 2024"]
[Site "Sharjah"]
[Date "2024.05.16"]
[Round "3.12"]
[White "Nguyen, Thai Dai Van"]
[Black "Siddharth, Jagadeesh"]
[Result "1/2-1/2"]
[ECO "C13"]
[WhiteElo "2650"]
[BlackElo "2512"]
[Annotator "TA"]
[PlyCount "51"]
[EventDate "2024.05.13"]
[EventType "swiss"]
[EventCountry "UAE"]
[SourceTitle "playchess.com"]
[Source "ChessBase"]
[SourceQuality "1"]
[TimeControl "5400+30"]

1. e4 e6 2. d4 d5 3. Nc3 Nf6 4. Bg5 dxe4 5. Nxe4 Nbd7 6. Nf3 h6 7. Bxf6 Nxf6 8. Bd3 Nxe4 9. Bxe4 c5 10. Qe2 Qa5+ 11. c3 Be7 12. O-O-O cxd4 13. Nxd4 Bd7 {[%emt 0:00:30] Prevents Nc6.} 14. Bxb7 Rb8 {[%emt 0:00:30] Black is weak on the light squares} 15. Qa6 Qc7 16. Bc6 {[%emt 0:00:30] And now Bxd7+ would win. Active counter play!} Rb6 17. Bxd7+ Qxd7 18. Qc4 {[%emt 0:00:30][%cal Od4f5] Threatens to win with Nf5!} O-O 19. Nb3 Qb7 20. f3 Bf6 21. Kb1 Rc8 22. Qe4 Qxe4+ 23. fxe4 a5 $1 24. Kc2 a4 {[%emt 0:00:30][%cal Oc8b8] [#] ...Rcb8! is the strong threat.} 25. Nd4 Rb4 26. e5 {[%emt 0:00:30] Weighted Error Value: White=0.04 (flawless) /Black=0.01 (flawless) .  Inaccurate:     	White=1     	---        OK:         	White=9     	Black=7      Best:        	White=2     	Black=2      Strong:       	---       	Black=1} 1/2-1/2

[Event "7th Sharjah Masters 2024"]
[Site "Sharjah"]
[Date "2024.05.16"]
[Round "3.13"]
[White "Erigaisi Arjun"]
[Black "Kacharava, Nikolozi"]
[Result "1-0"]
[ECO "D27"]
[WhiteElo "2762"]
[BlackElo "2527"]
[Annotator "TA"]
[PlyCount "87"]
[EventDate "2024.05.13"]
[EventType "swiss"]
[EventCountry "UAE"]
[SourceTitle "playchess.com"]
[Source "ChessBase"]
[SourceQuality "1"]
[TimeControl "5400+30"]

1. d4 d5 2. c4 dxc4 3. Nf3 Nf6 4. e3 e6 5. Bxc4 c5 6. O-O a6 7. Be2 {[%emt 0:00:25] 7.b3 is setting a new trend. D27: Queen's Gambit Accepted: Classical main line: 7 e4!? and 7 a4.} Nc6 8. dxc5 Bxc5 9. Nbd2 $5 {[%emt 0:01:21][%mdl 4] Exploring less charted territory.} O-O 10. a3 Be7 $146 ({Predecessor:} 10... Qe7 11. b4 Ba7 12. Nc4 Rd8 13. Qb3 e5 14. Qb2 Bg4 15. h3 Bxf3 16. Bxf3 e4 {0-1 Comellas Blanchart,J (2034)-Kostov,D (2260) Sitges Sunway op 9th 2022 (3)}) 11. b4 Nd5 12. Bb2 Bf6 13. Qc2 Bd7 14. Ne4 Bxb2 15. Qxb2 Qe7 16. Nc5 Rfd8 17. Nxd7 (17. Nxb7 $2 {loses.} Rdb8 18. Rfd1 (18. Nc5 $2 Qxc5 19. Rac1 Qe7 $19) 18... Rxb7 $19) 17... Rxd7 18. Nd2 Rad8 19. Nb3 Nb6 20. Rfc1 e5 (20... g6 $14) 21. h3 $16 Rd6 22. Rc2 e4 23. Nc5 f5 (23... Nd5 $14) 24. b5 $16 axb5 25. Qxb5 Na7 26. Qa5 Nac8 27. Nb3 ({White should try} 27. Rac1 $1 $16) 27... Qf6 (27... Nd5 $14) 28. Rac1 $1 $16 Ne7 29. Nc5 Ra8 30. Qb4 Ned5 {[%emt 0:01:09] [#]} 31. Qb5 $1 Qf7 $2 (31... Qe7 $16 32. a4 Nc7 33. Qb3+ Ncd5) 32. a4 $18 Nc7 33. Qb4 (33. Qb1 $18 Ncd5 34. a5) 33... Nbd5 {[%emt 0:01:32] [#]} (33... Ncd5 $16 34. Qb5 Nc7) 34. Qa3 $1 $18 (34. Qxb7 Rb6 $17) 34... b5 35. Nxe4 $1 (35. Bxb5 $2 {perishes.} Nxb5 36. Qa2 Nbc7 $19) 35... Rg6 36. Nc5 Kh8 (36... bxa4 {was called for.} 37. Nxa4 Qe8 38. Rxc7 Nxc7) 37. Nd3 ({Worse is} 37. Bxb5 Nxb5 38. Qb3 Nbc7 $15) 37... Rxa4 38. Ne5 Rxa3 39. Nxf7+ Kg8 40. Rxc7 Nxc7 41. Rxc7 Rb6 42. Ne5 Ra8 43. Bf3 Rf8 (43... Ra1+ $142 44. Kh2 Rb8) 44. Nd7 1-0

[Event "7th Sharjah Masters 2024"]
[Site "Sharjah"]
[Date "2024.05.16"]
[Round "3.14"]
[White "Safarli, Eltaj"]
[Black "Radjabov, Teimour"]
[Result "1/2-1/2"]
[ECO "C42"]
[WhiteElo "2597"]
[BlackElo "2723"]
[Annotator "TA"]
[PlyCount "54"]
[EventDate "2024.05.13"]
[EventType "swiss"]
[EventCountry "UAE"]
[SourceTitle "playchess.com"]
[Source "ChessBase"]
[SourceQuality "1"]
[TimeControl "5400+30"]

1. e4 e5 2. Nf3 Nf6 3. Nxe5 d6 4. Nf3 Nxe4 5. d4 d5 6. Bd3 Bd6 7. O-O O-O 8. c4 c6 9. Nc3 Nxc3 10. bxc3 dxc4 11. Bxc4 Bf5 12. Bg5 Qa5 13. Nh4 Be6 14. Bxe6 {[%emt 0:00:07] [#] Bf5 is the strong threat. The position is equal.} Qxg5 15. Nf3 Qa5 16. Bh3 Qxc3 17. Rb1 b6 18. Rb3 Qa5 19. d5 cxd5 (19... Qxd5 $2 20. Rd3 Qxa2 21. Rxd6 $18) 20. Ng5 $1 g6 {[%emt 0:00:28][%cal Ob8a6] Wards off Qh5} (20... Qxa2 $2 {too greedy.} 21. Nxf7 Rxf7 22. Be6 $18) 21. Rd3 Nc6 ({But not} 21... Qxa2 $6 22. Rf3 Nc6 23. Rxf7 $16) 22. Bd7 Ne7 23. Qa1 {[%emt 0:00:09][%cal Og5h7] [#] aiming for Nxh7!} d4 24. Nxh7 Kxh7 25. Qxd4 {[%emt 0:00:06] Threatens to win with Rh3+.} Be5 26. Qh4+ Kg7 {[%emt 0:00:02] And now ...Rh8 would win.} 27. Qxe7 Qc5 {[%emt 0:00:31] An uneventful encounter.   Weighted Error Value: White=0.03 (flawless) /Black=0.00 (flawless) .  OK:         	White=7     	Black=14     Best:        	White=2     	---        Strong:       	White=1     	---} 1/2-1/2

[Event "7th Sharjah Masters 2024"]
[Site "Sharjah"]
[Date "2024.05.16"]
[Round "3.15"]
[White "Artemiev, Vladislav"]
[Black "Pranav, V."]
[Result "1/2-1/2"]
[ECO "C87"]
[WhiteElo "2705"]
[BlackElo "2587"]
[Annotator "TA"]
[PlyCount "65"]
[EventDate "2024.05.13"]
[EventType "swiss"]
[EventCountry "UAE"]
[SourceTitle "playchess.com"]
[Source "ChessBase"]
[SourceQuality "1"]
[TimeControl "5400+30"]

1. e4 e5 2. Nf3 Nc6 3. Bb5 a6 4. Ba4 Nf6 5. O-O Be7 6. Re1 d6 7. c3 Bg4 8. d3 Nd7 9. Be3 h6 10. Nbd2 Bg5 11. Bxc6 {[%emt 0:20:56] White is slightly better.} bxc6 12. d4 c5 13. Bxg5 hxg5 14. h3 Bxf3 (14... Bh5 $14) 15. Nxf3 $16 Qf6 16. Qa4 g4 17. hxg4 Qh6 18. Kf1 {[%emt 0:00:08] White is more active.} Rb8 19. b3 $1 Qf4 (19... Qh1+ $2 20. Ke2 Qxg2 21. Rg1 $18) 20. dxe5 (20. Qxa6 exd4 (20... Qxg4 21. Qc6 $11) (20... Rh1+ 21. Ke2 $16) 21. Kg1 Qxg4 $11 (21... Qh6 22. Kf1 $11)) (20. Kg1 $6 exd4 21. cxd4 (21. Qxa6 dxc3 22. e5 Qh6 $11) 21... Ke7 $16) 20... dxe5 {[%emt 0:06:14] [#]} (20... Rb6 $16 21. g5 Kd8) 21. g5 $1 $18 ({Resist} 21. Qxa6 $6 Rh6 (21... Qxg4 22. Qc6 $16) (21... Rh1+ 22. Ke2 $16) 22. Qc4 Qxg4 $16) (21. Kg1 Qh6 22. Kf1 (22. Nxe5 $2 Qh1#) 22... Qe6 $16) 21... Rb6 22. Ke2 (22. Kg1 $18 Ke7 23. Rad1) 22... Rd6 (22... Qg4 $16 {was called for.} 23. Rad1 Ke7) 23. Rh1 (23. Rad1 $18 {and White stays clearly on top. Black must now prevent Rxd6.} Ke7 24. g3) 23... Rxh1 $16 24. Rxh1 Qg4 {[%emt 0:00:16] [#]} 25. g3 (25. g6 $1 $16) 25... Rd3 $1 $11 {[%emt 0:00:29] The position is equal.} 26. Rh8+ (26. Kxd3 $2 {is the wrong capture.} Qxf3+ 27. Kd2 Qxh1 $19) 26... Ke7 27. Kxd3 Qxf3+ {[%emt 0:00:04][%mdl 4096] Endgame. KQR-KQN} 28. Kc2 Qxf2+ 29. Kb1 {[%emt 0:00:12] Strongly threatening Rh1.} Qe1+ 30. Kb2 {[%emt 0:00:29] Hoping for Rh2.} Qd2+ 31. Kb1 {[%emt 0:00:24] Rh1 would now be deadly.} Qd1+ 32. Kb2 {[%emt 0:00:06][%cal Oh8h2] And now Rh2! would win.} Qd2+ 33. Kb1 {[%emt 0:00:05] Weighted Error Value: White=0.23 (precise) /Black=0.16 (very precise) .  Mistake:       	White=3     	Black=3      Inaccurate:     	White=1     	Black=3      OK:         	White=10    	Black=10     Best:        	White=5     	Black=1      Strong:       	White=1     	Black=1} 1/2-1/2

[Event "7th Sharjah Masters 2024"]
[Site "Sharjah"]
[Date "2024.05.16"]
[Round "3.16"]
[White "Vokhidov, Shamsiddin"]
[Black "Sevian, Samuel"]
[Result "1/2-1/2"]
[ECO "C02"]
[WhiteElo "2592"]
[BlackElo "2699"]
[Annotator "TA"]
[PlyCount "38"]
[EventDate "2024.05.13"]
[EventType "swiss"]
[EventCountry "UAE"]
[SourceTitle "playchess.com"]
[Source "ChessBase"]
[SourceQuality "1"]
[TimeControl "5400+30"]

1. e4 e6 2. d4 d5 3. e5 c5 4. c3 Nc6 5. Nf3 Qb6 6. a3 Bd7 7. b4 cxd4 8. cxd4 Rc8 9. Be3 Nh6 10. Bd3 Ng4 11. O-O Be7 12. Nbd2 Nxe3 13. fxe3 Nb8 14. Qe2 Rc3 15. Rfc1 Rxc1+ 16. Rxc1 a5 $1 17. bxa5 Qxa5 18. Rb1 b6 19. Qd1 O-O {[%emt 0:14:21] Weighted Error Value: White=0.13 (very precise) /Black=0.08 (flawless) .  Inaccurate:     	White=1     	Black=1      OK:         	White=1     	Black=3      Strong:       	---       	Black=1} 1/2-1/2

[Event "7th Sharjah Masters 2024"]
[Site "Sharjah"]
[Date "2024.05.16"]
[Round "3.17"]
[White "Narayanan S L"]
[Black "Nesterov, Arseniy"]
[Result "0-1"]
[ECO "D35"]
[WhiteElo "2695"]
[BlackElo "2590"]
[Annotator "TA"]
[PlyCount "72"]
[EventDate "2024.05.13"]
[EventType "swiss"]
[EventCountry "UAE"]
[SourceTitle "playchess.com"]
[Source "ChessBase"]
[SourceQuality "1"]
[TimeControl "5400+30"]

1. c4 e6 2. Nc3 d5 3. d4 Nf6 4. cxd5 exd5 5. Bg5 c6 6. e3 Be7 7. Bd3 O-O 8. Nf3 Re8 9. Bf4 Nh5 10. Be5 Nd7 11. Qc2 {[%emt 0:02:03] The position is equal.} (11. g4 $5 Nhf6 12. Qc2 $15) 11... g6 12. h3 Nxe5 13. dxe5 b5 14. O-O Bd7 15. Rad1 Bf8 16. Rfe1 Qb6 17. Bf1 (17. g4 $5 Ng7 $8 18. Bxb5 cxb5 19. Nxd5 $11) 17... Rad8 18. e4 b4 19. Na4 Qa5 20. exd5 cxd5 21. b3 Nf4 22. Kh2 (22. Qd2 $11 {remains equal.} Ne6 23. Qxd5) 22... Ne6 $17 23. Nd4 $2 {[%emt 0:02:02] [#] White does not recover from this.} (23. g3 $17) 23... Nxd4 $1 $19 24. Rxd4 Bxa4 25. bxa4 {[%emt 0:00:03] [#]} b3 $1 26. Qd1 (26. Qb1 bxa2) 26... bxa2 {[%emt 0:03:34][%cal Oe8e5] aiming for ...Rxe5!} 27. Re2 Rxe5 28. Rxa2 {[%emt 0:00:07] White is weak on the dark squares} (28. Rxe5 $2 {too greedy.} Bd6 29. Kg1 Bxe5 $19) (28. Rdd2 {nothing else works.}) 28... Re1 {[%emt 0:00:06] Black is clearly winning.} 29. Qd3 Bg7 30. Rh4 Bf6 31. Rg4 h5 32. Rxg6+ fxg6 33. Qxg6+ Bg7 34. Bd3 Qc7+ 35. f4 (35. g3 $142) 35... Qxf4+ 36. g3 Qh6 {[%emt 0:01:58] Weighted Error Value: White=0.49/Black=0.09 (flawless) .  Loses game:     	White=1     	---        Mistake:       	White=3     	---        Inaccurate:     	---       	Black=1      OK:         	White=8     	Black=10     Best:        	White=2     	Black=5      Strong:       	---       	Black=1      Brilliant:      	---       	Black=1} 0-1

[Event "7th Sharjah Masters 2024"]
[Site "Sharjah"]
[Date "2024.05.16"]
[Round "3.18"]
[White "Mchedlishvili, Mikheil"]
[Black "Deac, Bogdan-Daniel"]
[Result "1/2-1/2"]
[ECO "D37"]
[WhiteElo "2569"]
[BlackElo "2693"]
[Annotator "RC"]
[PlyCount "123"]
[EventDate "2024.05.13"]
[EventType "swiss"]
[EventCountry "UAE"]
[SourceTitle "playchess.com"]
[Source "ChessBase"]
[SourceQuality "1"]
[TimeControl "5400+30"]

1. d4 Nf6 2. c4 e6 3. Nf3 d5 4. Nc3 Nbd7 5. Qc2 Bb4 6. g3 dxc4 7. Bg2 c6 8. O-O Qe7 9. Ne5 Nb6 10. Bg5 h6 11. Bxf6 gxf6 12. Nf3 e5 13. Rad1 Bd7 14. d5 O-O-O 15. Nh4 Bxc3 16. d6 Qf8 17. Qxc3 Be6 18. Qa3 Kb8 19. f4 exf4 20. Rxf4 Rg8 21. Rxf6 Nc8 22. Qe3 Rxd6 23. Rxd6 Qxd6 24. Nf5 Qd8 25. Qf4+ Ka8 26. Nxh6 Re8 27. Nxf7 Qb6+ 28. e3 Qxb2 29. Ng5 Bd7 30. Qd4 Qc1+ 31. Bf1 Nb6 32. Ne4 Nd5 33. Rf7 Be6 34. Rxb7 Qxe3+ 35. Qxe3 Nxe3 36. Rb1 Bf5 37. Nd6 Bxb1 38. Nxe8 c3 39. Nc7+ Kb7 40. Ne6 Bxa2 41. Nc5+ Kc7 42. Be2 c2 43. Nd3 a5 44. Kf2 Nd5 45. Nc1 Nb4 46. Ke3 a4 47. Kd2 Bd5 48. Kc3 a3 49. h4 Kd6 50. h5 a2 51. Kb2 Ke7 52. h6 Kf6 53. g4 c5 54. g5+ Kg6 55. Bh5+ Kh7 56. Bg4 Be4 57. Be6 Kg6 58. Bg8 Bf5 59. Nxa2 Nc6 60. Nc1 Ne7 61. Bb3 Kxg5 62. Bxc2 1/2-1/2

[Event "7th Sharjah Masters 2024"]
[Site "Sharjah"]
[Date "2024.05.16"]
[Round "3.19"]
[White "Sjugirov, Sanan"]
[Black "Muradli, Mahammad"]
[Result "0-1"]
[ECO "B90"]
[WhiteElo "2692"]
[BlackElo "2561"]
[Annotator "TA"]
[PlyCount "122"]
[EventDate "2024.05.13"]
[EventType "swiss"]
[EventCountry "UAE"]
[SourceTitle "playchess.com"]
[Source "ChessBase"]
[SourceQuality "1"]
[TimeControl "5400+30"]

1. e4 c5 2. Nf3 d6 3. d4 cxd4 4. Nxd4 Nf6 5. Nc3 a6 6. Be3 e5 7. Nb3 Be6 8. f3 h5 9. Be2 {[%emt 0:00:30] B90: Sicilian Najdorf: Unusual White 6th moves, 6 Be3 Ng4 and 6 Be3 e5.} Nbd7 10. f4 Rc8 $5 {[%emt 0:00:30][%mdl 4] An interesting side line.} 11. f5 Bc4 12. Bxc4 Rxc4 13. Qd3 Qc8 14. O-O Be7 $146 ({Predecessor:} 14... b5 15. Na5 Rc7 16. Nd5 Nxd5 17. exd5 Be7 18. a4 O-O 19. axb5 axb5 20. c3 Nf6 {1-0 Drygalov,A (2502)-Zemlyanskii,I (2237) Cheliabinsk Lozovatsky Memorial-A 2023 (6)}) 15. h3 b5 16. a3 O-O 17. Bf2 Qc7 18. Qf3 Rc8 19. Rfe1 Qb8 20. Kh1 Bd8 21. Qd3 Bb6 22. Bxb6 Nxb6 23. Nd2 $1 R4c6 24. Rab1 Nc4 25. Nxc4 Rxc4 (25... bxc4 $6 26. Qe2 $11) 26. Rbd1 R4c6 (26... b4 $15 27. axb4 Rxb4 (27... Qxb4 28. Qxd6 Qxb2 29. Nd5 $15)) 27. Re2 (27. Qe3 $11) 27... b4 $15 28. axb4 Qxb4 29. Nd5 Nxd5 30. exd5 Rc4 31. c3 Qb5 32. Rf2 f6 33. Qe2 h4 34. Qh5 a5 35. Kh2 a4 36. Rdd2 Qe8 37. Qe2 a3 38. bxa3 Rxc3 39. Ra2 e4 40. Rf1 $2 (40. Rf4 e3 41. Qf3) 40... Qe5+ $19 41. Kh1 Rc1 ({Much less strong is} 41... Qxd5 42. Rd1 Rc1 (42... Qxf5 $2 43. Rad2 $19) 43. Ra1 Rxa1 44. Rxa1) 42. a4 Qxd5 43. Ra1 Rxf1+ (43... R8c2 $19 {( -> ...Rxa1)} 44. Qh5 Rxf1+ 45. Rxf1 Qe5) 44. Qxf1 (44. Rxf1 $17 {was forced.} Re8 45. Rd1) 44... Ra8 45. Qe1 (45. Rd1 $142 Qc5 46. Rb1) 45... Qxf5 $19 46. a5 d5 47. a6 d4 (47... Qe5 $142 48. a7 e3) 48. a7 $2 {[%emt 0:00:30] [#]} (48. Qb4) 48... e3 $1 $19 49. Qxh4 Qe5 50. Qe1 (50. Qg4 $142 f5 51. Qf3) 50... d3 $19 51. Ra3 d2 52. Qe2 Qd4 53. Rd3 Qxa7 54. Qg4 Qa1+ 55. Kh2 Qe5+ 56. g3 f5 57. Qc4+ Kh7 58. Rd4 Ra6 59. Rd8 Re6 60. Qe2 f4 61. Qd3+ Qe4 0-1

[Event "7th Sharjah Masters 2024"]
[Site "Sharjah"]
[Date "2024.05.16"]
[Round "3.20"]
[White "Blohberger, Felix"]
[Black "Nihal Sarin"]
[Result "1/2-1/2"]
[ECO "E08"]
[WhiteElo "2506"]
[BlackElo "2680"]
[Annotator "TA"]
[PlyCount "38"]
[EventDate "2024.05.13"]
[EventType "swiss"]
[EventCountry "UAE"]
[SourceTitle "playchess.com"]
[Source "ChessBase"]
[SourceQuality "1"]
[TimeControl "5400+30"]

1. d4 Nf6 2. c4 e6 3. Nf3 d5 4. g3 Bb4+ 5. Bd2 Be7 6. Bg2 O-O 7. O-O c6 8. Qc2 Nbd7 9. Bf4 b6 10. cxd5 cxd5 11. Rc1 a5 12. Nc3 Ba6 13. a4 {[%emt 0:00:30] White has an edge.} Rc8 14. Qd1 Nh5 15. e3 Nxf4 16. exf4 g6 17. Bf1 Bxf1 18. Kxf1 Nf6 19. Qd3 {[%emt 0:00:30] Wards off Ne4} ({White should try} 19. Rc2 $14) 19... Qc7 {[%emt 0:00:30] Weighted Error Value: White=0.10 (very precise) /Black=0.08 (flawless) .  Mistake:       	White=1     	---        Inaccurate:     	---       	Black=1      OK:         	White=2     	Black=4} 1/2-1/2

[Event "7th Sharjah Masters 2024"]
[Site "Sharjah"]
[Date "2024.05.16"]
[Round "3.21"]
[White "Martirosyan, Haik M."]
[Black "Sanal, Vahap"]
[Result "1/2-1/2"]
[ECO "E16"]
[WhiteElo "2679"]
[BlackElo "2566"]
[Annotator "TA"]
[PlyCount "116"]
[EventDate "2024.05.13"]
[EventType "swiss"]
[EventCountry "UAE"]
[SourceTitle "playchess.com"]
[Source "ChessBase"]
[SourceQuality "1"]
[TimeControl "5400+30"]

1. d4 Nf6 2. c4 e6 3. Nf3 b6 4. g3 Bb7 5. Bg2 Bb4+ 6. Bd2 Bxd2+ 7. Qxd2 O-O 8. O-O d6 9. Qd3 c5 10. Nc3 Nc6 11. e4 {[%emt 0:03:56] White is slightly better.} e5 12. dxe5 dxe5 13. Nd5 Re8 14. Rae1 Qd6 15. Nd2 Nd4 16. f4 Nxd5 17. cxd5 f6 18. Nc4 Qd7 19. fxe5 fxe5 20. Rf2 Ba6 21. Ref1 ({But not} 21. Nxe5 $2 Qa4 22. Qc3 Rxe5 $19) 21... Qa4 22. b3 Bxc4 23. bxc4 Qd7 24. Qd1 Qe7 25. Qg4 Rf8 26. h4 Rxf2 27. Rxf2 Rd8 28. h5 h6 29. Bh3 Rd6 30. Kg2 Qd8 31. a4 {[%emt 0:00:54] Black is weak on the light squares} a5 {[%emt 0:00:00] [#]} (31... Qe7 $11 {remains equal.}) 32. Qc8 $1 $16 Qxc8 33. Bxc8 {[%emt 0:00:03][%mdl 4096] Endgame. KRB-KRN} Rf6 34. Bf5 Kf8 35. g4 Ke7 36. Kg3 Rf8 37. Kh4 Rf6 38. g5 hxg5+ 39. Kxg5 Kd6 40. Kg4 Ke7 41. Rg2 ({Reject} 41. Kg5 $6 Kd6 $11) 41... Kf8 42. Rg3 Ne2 43. Re3 Nd4 44. Kg5 Ke7 45. Rh3 Kd6 46. Bg4 Ke7 47. Rh1 Kd6 48. Bd1 Ke7 $1 49. h6 gxh6+ {[%emt 0:02:46] The position is equal.} 50. Rxh6 Rxh6 51. Kxh6 $11 {[%emt 0:00:06] KB-KN} Kf6 52. Kh5 Kg7 53. Kg5 Kf7 54. Kh4 {[%emt 0:00:21] [#] Kg5 would now be deadly.} Kf6 55. Kh5 {[%emt 0:00:13] Strongly threatening Kh6.} (55. Kg4 $5) 55... Kg7 56. Kg5 Kf7 57. Kh6 {[%emt 0:05:18] Kg5 is the strong threat.} Kf6 58. Kh5 {[%emt 0:02:12] Black must now prevent Kh6.} Kg7 $1 {[%emt 0:00:49] Weighted Error Value: White=0.06 (flawless) /Black=0.06 (flawless) .  Mistake:       	---       	Black=1      Inaccurate:     	White=4     	Black=1      OK:         	White=20    	Black=24     Best:        	---       	Black=3      Strong:       	White=1     	Black=2} 1/2-1/2